 Dungeon Crawl Stone Soup version 0.24.0-13-gcf9b3192b9 (webtiles) character file.

Game seed: 5104807872117792602, levelgen mode: deterministic

45 CurryBlack the Skirmisher (level 3, -2/33 HPs)
             Began as a Minotaur Berserker on Nov 9, 2019.
             Was a Believer of Trog.
             Slain by a gnoll
             ... wielding a +0 flail
              (5 damage)
             ... on level 2 of the Dungeon.
             The game lasted 00:03:56 (839 turns).

CurryBlack the Skirmisher (Minotaur Berserker)       Turns: 839, Time: 00:03:56

Health: -2/33      AC:  2    Str: 22    XL:     3   Next: 42%
Magic:  2/2        EV: 12    Int:  4    God:    Trog [**....]
Gold:   49         SH:  0    Dex:  9    Spells: 2/2 levels left

rFire    + + .     SeeInvis .   k - +2 spear (flame)
rCold    . . .     Gourm    .   (no shield)
rNeg     . . .     Faith    .   b - +0 animal skin
rPois    .         Spirit   .   (helmet restricted)
rElec    .         Reflect  .   d - scarf {rC+ rF+}
rCorr    .         Harm     .   (no gloves)
MR       .....                  (no boots)
Stlth    +.........             (no amulet)
HPRegen  0.11/turn              i - ring of fire
MPRegen  0.08/turn              (no ring)

@: berserk cooldown, slowed, very slow
A: retaliatory headbutt, horns 2
a: Berserk, Trog's Hand, Renounce Religion


You were on level 2 of the Dungeon.
You worshipped Trog.
Trog was pleased with you.
You were hungry.

You visited 1 branch of the dungeon, and saw 2 of its levels.

You collected 49 gold pieces.

Inventory:

Hand Weapons
 k - a +2 spear of flaming (weapon)
Missiles
 g - 22 bolts
Armour
 b - a +0 animal skin (worn)
 d - a scarf of resistance (worn)
Jewellery
 i - a ring of fire (left hand)
Scrolls
 a - a scroll of amnesia {unknown}
 e - 2 scrolls of fog {unknown}
 h - a scroll of identify {unknown}
 m - a scroll of immolation {unknown}
Potions
 j - a potion of mutation {unknown}
 l - a potion of brilliance {unknown}
Comestibles
 c - 3 rations
 f - 3 chunks of flesh


   Skills:
 + Level 4.2 Fighting
   Level 0.4 Short Blades
   Level 3.9 Axes
 + Level 0.4(2.4) Polearms
 + Level 3.1 Armour
 + Level 2.8 Dodging


You had 2 spell levels left.
You didn't know any spells.
Your spell library was empty.

Dungeon Overview and Level Annotations

Branches:
Dungeon (2/15)

Altars:
Elyvilon
Fedhas
Gozag
Hepliaklqana
Nemelex Xobeh
Okawaru
Vehumet
Zin


Innate Abilities, Weirdness & Mutations

You reflexively headbutt those who attack you in melee.
You have a pair of horns on your head.


Message History

You are exhausted.
You feel yourself slow down.
A gnoll comes into view. It is wielding a +0 flail.
A bat comes into view.
The gnoll shouts!
The gnoll misses you.
The bat moves out of view.
A rat and a worm come into view.
The gnoll barely misses you. The gnoll hits you with a +0 halberd.
The rat moves out of view.
You barely miss the gnoll. The gnoll hits you with a +0 halberd!
A hobgoblin comes into view. It is wielding a +0 club.
You barely miss the gnoll. The gnoll hits you with a +0 flail!
* * * LOW HITPOINT WARNING * * *
The gnoll misses you. You furiously retaliate!
You headbutt the gnoll! The gnoll hits you with a +0 flail.
* * * LOW HITPOINT WARNING * * *
You hit the gnoll. You burn the gnoll. Your headbutt misses the gnoll.
The gnoll is almost dead.
The gnoll barely misses you. The gnoll hits you with a +0 flail.
You die...

.######.#.##.....
...................
..###..#....#### ..
##.###.....##.###. #
#....#...........
...####..##.###.###.
#...###...)## .#
#.........##.###.#
########...@g...g#
#..##g..w... ##.#
###.... ... ...
##... . ####.


You could see a worm, 2 gnolls and a hobgoblin.

Vanquished Creatures
  A gnoll (D:2)
  A dart slug (D:1)
  2 leopard geckos (D:1)
  A ball python (D:1)
  2 giant cockroaches (D:1)
  3 goblins
  3 hobgoblins (D:1)
  2 jackals (D:1)
  6 kobolds
  4 bats
  2 frilled lizards (D:2)
  4 rats
31 creatures vanquished.

Notes
Turn   | Place    | Note
-------+----------+-------------------------------------------
     0 | D:1      | CurryBlack the Minotaur Berserker began the quest for the
                  | Orb.
     0 | D:1      | Reached XP level 1. HP: 19/19 MP: 0/0
   118 | D:1      | Reached XP level 2. HP: 24/27 MP: 1/1
   399 | D:1      | Reached skill level 4 in Fighting
   616 | D:1      | Reached XP level 3. HP: 32/33 MP: 2/2
   748 | D:2      | Found a hazy altar of Hepliaklqana.
   749 | D:2      | Found an opulent altar of Gozag.
   750 | D:2      | Found a white marble altar of Elyvilon.
   753 | D:2      | Reached ** piety under Trog
   754 | D:2      | Found an iron altar of Okawaru.
   754 | D:2      | Found a blossoming altar of Fedhas.
   759 | D:2      | Found a glowing silver altar of Zin.
   759 | D:2      | Found a sparkling altar of Nemelex Xobeh.
   767 | D:2      | Found a radiant altar of Vehumet.
   839 | D:2      | Slain by a gnoll

Levels and vault maps discovered:
D:1:      dpeg_arrival_leaves_temple_mockup, layout_loops_cross,
          chequers_serial_rivers_small_b
D:2:      layout_rooms, grunt_temple_overflow_open, first_ration

Skill      XL: |  1  2 |
---------------+-------+-----
Fighting       | 4 |  4.2
Armour         | 3 |  3.1
Short Blades   | |  0.4
Axes           | |  3.9
Polearms       | |  0.4
Dodging        | |  2.8

Action                   || total
-------------------------++-------
Melee: Hand axe          ||    30
       Headbutt          ||     6
       Dagger            ||    20
       Spear             ||    20
Invok: Berserk           ||     1
Armor: Animal skin       ||    15
Dodge: Dodged            ||    37
